cohdb
Replays
Latest Replays
All Replays
Popular Replays
Top Player Replays
Match Explorer
How It Works
Community
CoH3 Stats
Reddit
Sign in to upload your games and track your stats! →
Sign in with Steam
Match 41763673
Unlisted
Match 41763673
Overview
Messages
Build Orders
End
Construct Barracks
Riflemen Squad
Riflemen Squad
Riflemen Squad
Mechanized Support Center
Construct Weapon Support Center
M1919 Machine Gun Team
M3 Armored Personnel Carrier
Designate Forward Repair Station
M3 Armored Personnel Carrier
M1918 Browning Automatic Rifles
Grenade Package
M3 Armored Personnel Carrier
M1919 Machine Gun Team
Selects Special Operations Battlegroup
Selects M29 Weasel Recon Vehicle
Selects P-47 Anti-Infantry Loiter
Selects UNKNOWN (2162291)
Engineer Squad
Construct Tank Depot
Selects Raiding Flares
pp123p
Epithancev
strike your finger
Liamster
Temsy36
Turtleboy
嗨呀是我高菌吗
Kanna Scarlet
0
0
Comments
sign in to comment!
No comments posted yet!